 Dungeon Crawl Stone Soup version 0.21-a0-476-gd103f4b (console) character file.

611 hexaflexagon the Cudgeler (level 7, 0/57 HPs)
             Began as a Formicid Monk on Nov 22, 2017.
             Succumbed to a worker ant's poison
             ... on level 8 of the Dungeon.
             The game lasted 00:07:55 (5613 turns).

hexaflexagon the Cudgeler (Formicid Monk)           Turns: 5613, Time: 00:07:56

Health: 0/57       AC:  2    Str: 17      XL:     7   Next: 72%
Magic:  7/7        EV: 13    Int: 10      God:
Gold:   159        SH:  0    Dex: 12 (13) Spells: 6/6 levels left

rFire    . . .     SeeInvis +   a - +1 mace
rCold    . . .     Gourm    .   (no shield)
rNeg     . . .     Faith    +   b - +0 robe
rPois    .         Spirit   .   (helmet unavailable)
rElec    .         Reflect  .   (no cloak)
rCorr    .         Harm     .   (no gloves)
MR       .....                  (no boots)
Stlth    ++........             n - amulet of faith
HPRegen  0.19/turn              (no ring)
MPRegen  0.10/turn              (no ring)

@: lethally poisoned (0 -> -5), starving
A: permanent stasis, dig shafts and tunnels, four strong arms, antennae 3
a: Dig, Shaft Self


You were on level 8 of the Dungeon.
You were starving.

You visited 1 branch of the dungeon, and saw 8 of its levels.

You collected 159 gold pieces.

Inventory:

Hand Weapons
 a - a +1 mace (weapon)
Armour
 b - a +0 robe (worn)
 k - a +0 chain mail
Jewellery
 n - an amulet of faith (around neck)
 p - an uncursed ring of positive energy {unknown}
Scrolls
 e - a scroll of enchant weapon
 j - 4 scrolls of identify
 q - 2 scrolls of holy word {unknown}
Potions
 f - a potion of haste {unknown}
 g - a potion of degeneration {unknown}
 i - a potion of might
 m - a potion of lignification
 o - a potion of brilliance
Books
 l - a book of Misfortune

   Spells                             Type                      Level
   a - Confusing Touch                Hexes                        1
   b - Confuse                        Hexes                        3
   c - Gell's Gravitas                Translocation                3
   d - Petrify                        Transmutation/Earth          4
   e - Metabolic Englaciation         Hexes/Ice                    5
   f - Yara's Violent Unravelling     Hexes/Transmutation          5
Comestibles
 c - 2 bread rations
 h - 2 meat rations


   Skills:
 + Level 5.8 Fighting
 * Level 7.1 Maces & Flails
 - Level 2.6 Dodging
 - Level 2.4 Stealth


You had 6 spell levels left.
You didn't know any spells.

Dungeon Overview and Level Annotations

Branches:
Dungeon (8/15)
 Temple: D:4-7         Lair: D:8-11

Altars:
Dithmenos
Sif Muna
Vehumet

Annotations:
D:3 Scuka's ghost, amateur BaSu
D:5 exclusion: worker ant, Menkaure
D:6 exclusions: orc and orc warrior
D:7 exclusions: 3 orcs, orc wizard and worker ant


Innate Abilities, Weirdness & Mutations

You cannot be hasted, slowed, berserked, paralysed or teleported.
You can dig through walls and to a lower floor.
Your four strong arms can wield two-handed weapons with a shield.
You have a pair of large antennae on your head. (SInv)


Message History

The worker ant is almost dead.
The worker ant barely misses you. The worker ant closely misses you.
You hit the worker ant but do no damage.
The worker ant is almost dead.
You are starving!
The worker ant bites you.
* * * LOW HITPOINT WARNING * * *
You closely miss the worker ant.
The worker ant is almost dead.
The worker ant bites you.
* * * LOW HITPOINT WARNING * * *
You are lethally poisoned!
The worker ant poisons you!
You hit the worker ant but do no damage.
The worker ant is almost dead.
* * * LOW HITPOINT WARNING * * *
You feel sick. The worker ant misses you.
You hit the worker ant.
You kill the worker ant!
You die...

#######
##.....##
##..@....##
#...†.....#
#.........#
#.........#
#...<.....#
#...........
###..?......
#.......##
+.......#


There were no monsters in sight!

Vanquished Creatures
  Grinder (D:4)
  A centaur (D:5)
  A big kobold (D:7)
  A bullfrog (D:7)
  2 worker ants
  8 adders
  3 worms
  3 dart slugs
  A leopard gecko (D:1)
  4 orcs (D:3)
  4 bats
  4 giant cockroaches
  8 goblins
  7 hobgoblins
  5 jackals
  A ball python (D:5)
  2 frilled lizards (D:1)
  13 kobolds
  8 rats
77 creatures vanquished.

Notes
Turn   | Place    | Note
-------+----------+-------------------------------------------
     0 | D:1      | hexaflexagon the Formicid Monk began the quest for the Orb.
     0 | D:1      | Reached XP level 1. HP: 18/18 MP: 1/1
   212 | D:1      | Reached XP level 2. HP: 24/24 MP: 2/2
   605 | D:1      | Reached XP level 3. HP: 30/30 MP: 3/3
   903 | D:2      | Found a deep blue altar of Sif Muna.
  1025 | D:2      | Reached skill level 4 in Maces & Flails
  1235 | D:1      | Reached XP level 4. HP: 16/37 MP: 4/4
  2113 | D:2      | Found a radiant altar of Vehumet.
  2113 | D:2      | Found a deep blue altar of Sif Muna.
  2239 | D:3      | Noticed Scuka's ghost (amateur BaSu)
  2393 | D:3      | Reached XP level 5. HP: 37/42 MP: 5/5
  2724 | D:4      | Reached skill level 5 in Maces & Flails
  3190 | D:4      | Noticed Grinder
  3211 | D:4      | Killed Grinder
  3211 | D:4      | Reached skill level 5 in Fighting
  3211 | D:4      | Reached skill level 6 in Maces & Flails
  3211 | D:4      | Reached XP level 6. HP: 24/51 MP: 6/6
  3625 | D:4      | Reached XP level 7. HP: 36/56 MP: 7/7
  4205 | D:5      | Entered Level 5 of the Dungeon
  4600 | D:4      | You fall through a shaft for 3 floors!
  5089 | D:7      | Reached skill level 7 in Maces & Flails
  5352 | D:6      | Found a shadowy altar of Dithmenos.
  5379 | D:5      | Noticed Menkaure
  5394 | D:4      | You fall through a shaft for 3 floors!
  5611 | D:8      | HP: 2/57 [worker ant (5)]
  5613 | D:8      | Succumbed to a worker ant's poison

Vault maps used:
D:1:      co_arrival_random_square_maze, grunt_decor_resistance
D:2:      gammafunk_temple_overflow_statue, corexii_shack, lemuel_blue_sif_altar
D:3:      minmay_goblin_kobold_castle
D:4:      minmay_surrounded, uniq_grinder
D:5:      nicolae_overflow_crystal_walls, minmay_temple_entry_grid, first_bread,
          uniq_crazy_yiuf_cottage, uniq_menkaure
D:6:      lemuel_insect_pit, serial_shops, shop,
          grunt_dithmenos_smoke_and_mirrors
D:8:      serial_shops, kennysheep_mini, hangedman_little_slice_of_home,
          guppyfry_shop_venom

Skill      XL: |  1  2  3  4  5  6  7 |
---------------+----------------------+-----
Maces & Flails | 4 6 7 |  7.1
Fighting       | 4 5 |  5.8
Dodging        | |  2.6
Stealth        | |  2.4

Action                   |  1- 3 |  4- 6 |  7- 9 || total
-------------------------+-------+-------+-------++-------
Melee: Mace              |    96 |   140 |    66 ||   302
 Abil: Shaft Self        |       |       |     2 ||     2
       Dig               |       |       |     1 ||     1
  Use: Potion            |       |     7 |     1 ||     8
       Scroll            |       |     5 |     1 ||     6
 Stab: Sleeping          |     7 |     2 |     2 ||    11
  Eat: Chunk             |     1 |     8 |     5 ||    14
Armor: Robe              |    19 |    24 |     9 ||    52
Dodge: Dodged            |    95 |    99 |    64 ||   258

Table legend:
 A = Spawn XP
 B = Non-spawn XP
 C = Spawn XP percentage of total XP
 D = Spawn monster count
 E = Non-spawn monster count
 F = Spawn count percentage of total count
 G = Total turns spent on level
                    A         B        C        D         E        F      G
               +---------+---------+-------+---------+---------+-------+---------
         Total |       0 |     873 |   0.0 |       0 |      77 |   0.0 |  5613
               +---------+---------+-------+---------+---------+-------+---------
           D:1 |       0 |      56 |   0.0 |       0 |      24 |   0.0 |  1337
           D:2 |       0 |      75 |   0.0 |       0 |      20 |   0.0 |  1126
           D:3 |       0 |      38 |   0.0 |       0 |      13 |   0.0 |   219
           D:4 |       0 |     352 |   0.0 |       0 |       8 |   0.0 |  1532
           D:5 |       0 |     116 |   0.0 |       0 |       2 |   0.0 |   417
           D:7 |       0 |     200 |   0.0 |       0 |       9 |   0.0 |   839
           D:8 |       0 |      36 |   0.0 |       0 |       1 |   0.0 |    87
               +---------+---------+-------+---------+---------+-------+---------
